 Dungeon Crawl Stone Soup version 0.23-a0-642-g3120c2f5a9 (webtiles) character file.

70 HereIgoKillingAgain the Slasher (level 4, 0/33 HPs)
             Began as a Demonspawn Gladiator on Dec 31, 2018.
             Succumbed to an adder's poison
             ... on level 2 of the Dungeon.
             The game lasted 00:01:38 (1301 turns).

HereIgoKillingAgain the Slasher (DsGl)              Turns: 1301, Time: 00:01:39

Health: 0/33       AC:  4    Str: 14    XL:     4   Next: 4%
Magic:  4/4        EV: 12    Int: 10    God:
Gold:   72         SH:  0    Dex: 15    Spells: 3/3 levels left

rFire    . . .     SeeInvis .   a - +0 long sword
rCold    . . .     Gourm    .   (no shield)
rNeg     . . .     Faith    .   b - +0 leather armour
rPois    .         Spirit   .   c - +0 helmet
rElec    .         Reflect  .   (no cloak)
rCorr    .         Harm     .   (no gloves)
MR       .....                  (no boots)
Stlth    ++........             (no amulet)
HPRegen  0.11/turn              (no ring)
MPRegen  0.09/turn              (no ring)

@: lethally poisoned (0 -> -4)
A: nightstalker 1, powered by pain 1
a: no special abilities


You were on level 2 of the Dungeon.
You were hungry.

You visited 1 branch of the dungeon, and saw 2 of its levels.

You collected 72 gold pieces.

Inventory:

Hand Weapons
 a - a +0 long sword (weapon)
Missiles
 d - 3 throwing nets (quivered)
Armour
 b - a +0 leather armour (worn)
 c - a +0 helmet (worn)
Scrolls
 g - a scroll of immolation
Comestibles
 f - 2 rations


   Skills:
 - Level 2.0 Fighting
 + Level 4.5 Long Blades
 - Level 1.7 Throwing
 - Level 2.6 Dodging


You had 3 spell levels left.
You didn't know any spells.
Your spell library was empty.

Dungeon Overview and Level Annotations

Branches:
Dungeon (2/15)

Altars:


Innate Abilities, Weirdness & Mutations

You are slightly more attuned to the shadows.
You sometimes gain a little power by taking damage.


Message History

Your surroundings suddenly seem different.
* * * LOW HITPOINT WARNING * * *
You feel sick.
You aren't carrying any potions.
As you read the scroll labeled MOPNESEAST, it crumbles to dust.
It is a scroll of amnesia.
You feel forgetful for a moment.
As you read the scroll labeled DADOAM YBURUYK, it crumbles to dust.
You feel blessed for a moment.
It was a scroll of remove curse.
* * * LOW HITPOINT WARNING * * *
You feel sick.
Unknown command.
As you read the scroll labeled ENATTUNUIMP, it crumbles to dust.
The scroll dissolves into smoke.
It was a scroll of fog.
There is a lethal amount of poison in your body!
* * * LOW HITPOINT WARNING * * *
You feel sick.
* * * LOW HITPOINT WARNING * * *
You feel sick.
You die...

.......#........
................
.......##....... #...
................#...
####.........##....#
.....÷.##.#..##..§§#
#####..##..#..§§§§§#
#.####.##.§§§§§##.#
#.........§§@§§....
#####†####.####§§§§.#.#
#.†...# .# #§§##....
<.##### #.## ... ....#
.. .. ....# ..# .
....### ## ........
†...####


There were no monsters in sight!

Vanquished Creatures
  A gnoll (D:1)
  An adder (D:2)
  An ooze (D:1)
  2 ball pythons
  7 bats
  A giant cockroach (D:2)
  2 goblins (D:1)
  7 hobgoblins
  6 jackals (D:1)
  A quokka (D:2)
  4 frilled lizards
  5 kobolds
  7 rats
45 creatures vanquished.

Notes
Turn   | Place    | Note
-------+----------+-------------------------------------------
     0 | D:1      | HereIgoKillingAgain the Demonspawn Gladiator began the
                  | quest for the Orb.
     0 | D:1      | Reached XP level 1. HP: 16/16 MP: 1/1
    64 | D:1      | Reached skill level 3 in Long Blades
   164 | D:1      | Gained mutation: You sometimes gain a little power by
                  | taking damage. [demonic ancestry]
   164 | D:1      | Reached XP level 2. HP: 17/22 MP: 2/2
   437 | D:1      | Gained mutation: You are slightly more attuned to the
                  | shadows. [demonic ancestry]
   437 | D:1      | Reached XP level 3. HP: 10/27 MP: 3/3
   775 | D:1      | Reached skill level 4 in Long Blades
  1248 | D:2      | Reached XP level 4. HP: 27/33 MP: 4/4
  1299 | D:2      | HP: 1/33 [poisoned by an adder]
  1301 | D:2      | Succumbed to an adder's poison

Vault maps used:
D:1:      psy_arrival_terrarium

Skill      XL: |  1  2  3 |
---------------+----------+-----
Long Blades    | 3 4 |  4.5
Fighting       | |  2.0
Throwing       | |  1.7
Dodging        | |  2.6

Action                   |  1- 3 |  4- 6 || total
-------------------------+-------+-------++-------
Melee: Long sword        |   104 |    18 ||   122
  Use: Potion            |     1 |     1 ||     2
       Scroll            |       |     5 ||     5
 Stab: Sleeping          |     6 |       ||     6
  Eat: Chunk             |     1 |       ||     1
Armor: Leather armour    |    37 |     6 ||    43
Dodge: Dodged            |    85 |    18 ||   103
       Rpst.: Long sword |    40 |     8 ||    48

Table legend:
 A = Non-vault XP
 B = Vault XP
 C = Vault XP percentage of total XP
 D = Non-vault monster count
 E = Vault monster count
 F = Vault count percentage of total count
                 A         B        C        D         E       F
            +---------+---------+-------+---------+---------+-------
      Total |     101 |       0 |   0.0 |      45 |       0 |   0.0
            +---------+---------+-------+---------+---------+-------
        D:1 |      63 |       0 |   0.0 |      28 |       0 |   0.0
        D:2 |      38 |       0 |   0.0 |      17 |       0 |   0.0
            +---------+---------+-------+---------+---------+-------
